 Dungeon Crawl Stone Soup version 0.26.0-10-g1f06aea511 (webtiles) character file.

Game seed: 703655012437619700

126 dohliylev the Shield-Bearer (level 5, 0/33 HPs)
             Began as a Gargoyle Fighter on Jan 16, 2021.
             Killed by divine providence
             ... invoked by an orc priest
              (14 damage)
             ... on level 4 of the Dungeon.
             The game lasted 00:04:11 (1654 turns).

dohliylev the Shield-Bearer (Gargoyle Fighter)      Turns: 1654, Time: 00:04:12

Health: 0/33       AC: 12    Str: 21    XL:     5   Next: 9%
Magic:  5/5        EV:  7    Int:  8    God:
Gold:   142        SH:  9    Dex:  9    Spells: 4/4 levels left

rFire    . . .     SeeInvis .   a - +0 flail
rCold    . . .     Faith    +   c - +0 kite shield
rNeg     + . .     Spirit   .   b - +0 scale mail
rPois    ∞         Reflect  .   (no helmet)
rElec    +         Harm     .   n - scarf {+Inv}
rCorr    .         Rampage  .   r - +0 pair of gloves
Will     .....                  (no boots)
Stlth    ..........             j - amulet of faith
HPRegen  0.11/turn              (no ring)
MPRegen  0.09/turn              (no ring)

@: no status effects
A: negative energy resistance 1, electricity resistance, unbreathing,
petrification resistance, miasma immunity, AC +4
a: Evoke Invisibility


You were on level 4 of the Dungeon.
You visited 1 branch of the dungeon, and saw 4 of its levels.

You collected 142 gold pieces.

Inventory:

Hand Weapons
 a - a +0 flail (weapon)
Armour
 b - a +0 scale mail (worn)
 c - a +0 kite shield (worn)
 n - a scarf of invisibility (worn)
 r - a +0 pair of gloves (worn)
Jewellery
 j - an amulet of faith (around neck)
 t - an uncursed amulet of guardian spirit {unknown}
Wands
 s - a wand of iceblast (5)
Scrolls
 g - 3 scrolls of teleportation {unknown}
 h - a scroll of enchant weapon {unknown}
 i - a scroll of blinking {unknown}
 k - 8 scrolls of identify {unknown}
 l - a scroll of amnesia {unknown}
 o - a scroll of fear {unknown}
 q - a scroll of magic mapping {unknown}
Potions
 d - 2 potions of might
 e - a potion of mutation {unknown}
 f - 2 potions of curing {unknown}
 m - 2 potions of flight {unknown}
 p - a potion of heal wounds {unknown}


   Skills:
 + Level 3.9 Fighting
 + Level 3.1 Maces & Flails
 + Level 4.0 Armour
 + Level 0.6 Dodging
 + Level 4.2 Shields


You had 4 spell levels left.
You didn't know any spells.
Your spell library was empty.

Dungeon Overview and Level Annotations

Branches:
Dungeon (4/15)
 Temple: D:4-7

Altars:
Ashenzari
Dithmenos
Gozag
Hepliaklqana
Okawaru
Qazlal


Innate Abilities, Weirdness & Mutations

You are resistant to torment.
Your stone body is resilient. (AC +4)
You are immune to poison.
You resist negative energy. (rN+)
You are resistant to electric shocks. (rElec)
You can survive without breathing.
You are immune to petrification.
You are immune to miasma.


Message History

Found a robe.
Found 16 sling bullets.
You now have 142 gold pieces (gained 12). 3 orcs and an orc priest come into view.
The orc shouts!
The orc priest shouts!
The orc shouts! x2
An orc comes into view. It is wielding a +0 club.
The orc priest moves out of view.
The orc shouts!
The orc hits you but does no damage.
You barely miss the orc.
The orc priest calls down the wrath of Beogh upon you.
Beogh smites you! You block the orc's attack.
The orc priest calls down the wrath of Beogh upon you.
Beogh smites you!
You sock the orc!
You kill the orc!
You barely miss the orc.
The orc priest invokes the aid of Beogh against you.
Beogh smites you!
You die...

### #.. #o# ..
#.# .# #o# #.#
#o# .( #o# .#
#@####.#####.
#............
#####.#########.#
#........[..#
#.....######
#.........#
#####.###.....
#.# ### #.#


You could see an orc priest and 3 orcs.

Vanquished Creatures
  3 adders
  3 gnolls (D:3)
  2 oozes (D:1)
  A worm (D:3)
  A dart slug (D:3)
  5 orcs
  A ball python (D:1)
  2 giant cockroaches
  3 goblins
  4 hobgoblins
  3 jackals (D:1)
  9 kobolds
  4 bats
  5 frilled lizards
  5 rats
51 creatures vanquished.

Notes
Turn   | Place    | Note
-------+----------+-------------------------------------------
     0 | D:1      | dohliylev the Gargoyle Fighter began the quest for the Orb.
     0 | D:1      | Reached XP level 1. HP: 14/14 MP: 1/1
   110 | D:1      | Reached XP level 2. HP: 19/19 MP: 2/2
   257 | D:1      | Reached XP level 3. HP: 24/24 MP: 3/3
   499 | D:2      | Found an opulent altar of Gozag.
   680 | D:2      | Found an iron altar of Okawaru.
   866 | D:2      | Found a broken altar of Ashenzari.
   956 | D:2      | Reached XP level 4. HP: 29/29 MP: 4/4
  1082 | D:2      | Found a hazy altar of Hepliaklqana.
  1141 | D:3      | Found a faded altar of an unknown god.
  1253 | D:3      | Found a shadowy altar of Dithmenos.
  1436 | D:3      | Reached XP level 5. HP: 33/33 MP: 5/5
  1450 | D:3      | Noticed an air elemental
  1452 | D:3      | Found a stormy altar of Qazlal.
  1454 | D:3      | Noticed a fire elemental
  1454 | D:3      | Noticed a water elemental
  1654 | D:4      | Killed from afar by an orc priest

Illustrated notes

Levels and vault maps discovered:
D:1:      psy_arrival_radial02, layout_rooms, corner_web_ring
D:2:      layout_loops_ring, grunt_gozag_statues, nzn_hepliaklqana_mist_gate,
          okawaru_ov_weapons_minmay, nicolae_overflow_crystal_walls,
          grunt_ministairs_1
D:3:      layout_rooms, lemuel_doored_altar, nicolae_qazlal_style_of_elements,
          chequers_ecumenical_altar_simple_redux
D:4:      layout_basic, nicolae_ru_sacrificial_ziggurat, led_sif_pool,
          lemuel_round_altar

Skill      XL: |  1  2  3  4 |
---------------+-------------+-----
Shields        | 4 |  4.2
Maces & Flails | 3 |  3.1
Armour         | 4 |  4.0
Fighting       | |  3.9
Dodging        | |  0.6

Action                   |  1- 3 |  4- 6 || total
-------------------------+-------+-------++-------
Melee: Flail             |   104 |    73 ||   177
Armor: Scale mail        |    72 |    33 ||   105
Dodge: Dodged            |    35 |    22 ||    57
Block: Kite shield       |    63 |    51 ||   114
